 Dungeon Crawl Stone Soup version 0.31.0-11-ge490571c62 (webtiles) character file.

Game seed: 6100297642226950502

61 Silvore the Trooper (level 3, -5/29 HPs)
             Began as a Demonspawn Fighter on Feb 7, 2024.
             Succumbed to a scorpion's poison
             ... on level 3 of the Dungeon.
             The game lasted 00:03:21 (1736 turns).

Silvore the Trooper (Demonspawn Fighter)            Turns: 1736, Time: 00:03:22

Health: -5/29      AC:  3    Str: 18    XL:     3   Next: 83%
Magic:  3/3        EV: 10    Int:  8    God:
Gold:   163        SH:  5    Dex: 15    Spells: 2/2 levels left

rFire   + . .        a - +0 long sword
rCold   + + .        c - +0 buckler
rNeg    . . .        r - +0 leather armour of Ywofyaf {rC+ Dex+3}
rPois   .            (helmet restricted)
rElec   .            o - scarf {rC+ rF+}
rCorr   .            (no gloves)
SInv    .            (no boots)
Will    .....        (no amulet)
Stlth   +            (no ring)
HPRegen 0.24/turn    (no ring)
MPRegen 0.08/turn

%: no passive effects
@: lethally poisoned (-5 -> -26)
A: horns 1
a: no special abilities


You were on level 3 of the Dungeon.
You visited 1 branch of the dungeon, and saw 3 of its levels.

You collected 163 gold pieces.

Inventory:

Hand Weapons
 a - a +0 long sword (weapon)
Armour
 b - a +0 scale mail
 c - a +0 buckler (worn)
 o - a scarf of resistance (worn)
 r - the +0 leather armour of Ywofyaf (worn) {rC+ Dex+3}
   (You found it on level 2 of the Dungeon)

   Dex+3:     It affects your dexterity (+3).
   rC+:       It protects you from cold.
Jewellery
 p - a ring of positive energy
Talismans
 h - a beast talisman
Scrolls
 e - a scroll of fog {unknown}
 k - a scroll of immolation {unknown}
 l - a scroll of revelation {unknown}
 q - 2 scrolls of identify
 s - a scroll of teleportation {unknown}
Potions
 d - a potion of might
 f - a potion of attraction
 g - a potion of curing {unknown}
 i - a potion of brilliance {unknown}
 j - a potion of lignification {unknown}
 m - a potion of heal wounds {unknown}
 n - 2 potions of haste {unknown}


   Skills:
 + Level 3.2 Fighting
 + Level 2.6 Long Blades
 + Level 3.1 Armour
 + Level 0.3 Dodging
 + Level 3.1 Shields
 + Level 0.1 Shapeshifting


You had 2 spell levels left.
You didn't know any spells.
Your spell library was empty.

Dungeon Overview and Level Annotations

Branches:
Dungeon (3/15)

Altars:

Shops:
D:1 *


Innate Abilities, Weirdness & Mutations

You have a pair of small horns on your head.


Message History

q - 2 scrolls of identify (gained 1)
A ball python comes into view.
The ball python hisses angrily.
A ball python is nearby!
Found a scroll labelled PUOGUO XOXAS.
You slash the ball python!
You kill the ball python!
You see here a ball python corpse.
A scorpion comes into view.
Found 13 gold pieces.
You see here a scroll labelled PUOGUO XOXAS.
The scorpion stings you.
You slash the scorpion! You headbutt the scorpion.
The scorpion is heavily wounded.
The scorpion stings you!
You hit the scorpion. Your headbutt misses the scorpion.
The scorpion is severely wounded.
The scorpion closely misses you. The scorpion stings you.
You are poisoned.
The scorpion poisons you!
You hit the scorpion. Your headbutt misses the scorpion.
The scorpion is almost dead.
You feel very sick.
The scorpion stings you but does no damage.
You closely miss the scorpion.
The scorpion is almost dead.
You feel sick. The scorpion stings you.
You are lethally poisoned!
The scorpion poisons you! You block the scorpion's attack.
You hit the scorpion but do no damage.
The scorpion is almost dead.
* * * LOW HITPOINT WARNING * * *
You feel very sick. The scorpion stings you.
* * * LOW HITPOINT WARNING * * *
You are more poisoned.
The scorpion poisons you!
You hit the scorpion.
The scorpion is almost dead.
You die...

################ #....
............†..# #....
##.......###.## #....
#...s@?...##..####....
#....^....###....#..>.
#.........# ####.#....
#.........# #.#....
#.........# #......
#.........# ###.##.
#.........# #####.#
#...$.....####.....###
.....>...........


You could see a scorpion.

Vanquished Creatures
  A gnoll (D:1)
  A ribbon worm (D:3)
  2 dart slugs
  4 endoplasms (D:1)
  2 giant cockroaches
  4 goblins
  4 hobgoblins
  4 jackals (D:1)
  3 kobolds
  3 quokkas
  4 ball pythons
  2 bats (D:1)
  A frilled lizard (D:1)
  5 rats
40 creatures vanquished.

Notes
Turn   | Place    | Note
-------+----------+-------------------------------------------
     0 | D:1      | Silvore the Demonspawn Fighter began the quest for the Orb.
     0 | D:1      | Reached XP level 1. HP: 18/18 MP: 1/1
    72 | D:1      | Gained mutation: You have a pair of small horns on your
                  | head. [demonic ancestry]
    72 | D:1      | Reached XP level 2. HP: 12/24 MP: 2/2
   174 | D:1      | Found Puhohud's General Store.
   263 | D:1      | Found a faded altar of an unknown god.
   351 | D:1      | Reached XP level 3. HP: 26/29 MP: 3/3
  1312 | D:2      | Identified the +0 leather armour of Ywofyaf {rC+ Dex+3}
  1727 | D:3      | Noticed a scorpion
  1735 | D:3      | HP: 1/29 [scorpion (6)]
  1736 | D:3      | Succumbed to a scorpion's poison

Illustrated notes

Levels and vault maps discovered:
D:1:      co_arrival_square_in_a_square_in_a_square, layout_loops_ring,
          chequers_ecumenical_altar_island, serial_shops, shop, minivault_23,
          minmay_vboxes
D:2:      layout_basic
D:3:      layout_rooms, grunt_decor_cap, minivault_27

Skill      XL: |  1  2 |
---------------+-------+-----
Shields        | 3 |  3.1
Long Blades    | 2 |  2.6
Armour         | 3 |  3.1
Fighting       | |  3.2
Dodging        | |  0.3
Shapeshifting  | |  0.1

Action                     || total
---------------------------++-------
  Melee: Long sword        ||    99
         Headbutt          ||     9
Ability: Begin Untransform ||     1
    Use: Scroll            ||     3
 Armour: Scale mail        ||    70
         Leather armour    ||    12
  Dodge: Dodged            ||    45
  Block: Buckler           ||    31
   Form: Beast             ||     1
